 Dungeon Crawl Stone Soup version 0.31-a0-702-gf82c85558f (webtiles) character file.

Game seed: 16243306141345313115

11740 Ijustatesigmund the Destroyer (level 11, -1/63 HPs)
             Began as a Deep Elf Fire Elementalist on Sept 7, 2023.
             Was an Elder of Cheibriados.
             Killed from afar by a rime drake (27 damage)
             ... with an icy flash freeze
             ... on level 11 of the Dungeon on Sept 8, 2023.
             The game lasted 00:39:06 (17915 turns).

Ijustatesigmund the Destroyer (DEFE)               Turns: 17915, Time: 00:39:07

Health: -1/63      AC:  8    Str: 16    XL:     11   Next: 53%
Magic:  20/26      EV: 14    Int: 32    God:    Cheibriados [****..]
Gold:   923        SH:  0    Dex: 24    Spells: 8/28 levels left

rFire   . . .        h - +5 rapier (venom)
rCold   . . .        (no shield)
rNeg    . . .        t - +0 acid dragon scales
rPois   .            (no helmet)
rElec   .            (no cloak)
rCorr   +            j - +1 pair of gloves
SInv    .            (no boots)
Will    ++...        (no amulet)
Stlth   +++          m - ring of wizardry
HPRegen 0.30/turn    g - ring of willpower
MPRegen 0.20/turn

%: wizardry (x1)
@: very slow
A: no striking features
a: Renounce Religion, Bend Time, Temporal Distortion, Slouch


You were on level 11 of the Dungeon.
You worshipped Cheibriados.
Cheibriados was greatly pleased with you.
You visited 1 branch of the dungeon, and saw 11 of its levels.

You collected 1283 gold pieces.
You spent 360 gold pieces at shops.

Inventory:

Hand Weapons
 h - a +5 rapier of venom (weapon)
Armour
 j - a +1 pair of gloves (worn)
 t - +0 acid dragon scales (worn)
Jewellery
 g - a ring of willpower (right hand)
 m - a ring of wizardry (left hand)
 z - a ring of resist corrosion
Wands
 a - a wand of iceblast (8)
 e - a wand of polymorph (3)
 n - a wand of acid (22)
 x - a wand of paralysis (1)
Scrolls
 k - 3 scrolls of revelation
 q - 3 scrolls of teleportation
 r - a scroll of immolation
 y - a scroll of vulnerability
Potions
 b - a potion of magic
 c - a potion of attraction
 d - a potion of resistance
 f - 2 potions of invisibility
 i - 2 potions of curing
 l - 3 potions of enlightenment
 p - a potion of haste {unknown}
 s - 2 potions of cancellation
 w - a potion of lignification
Miscellaneous
 v - a lightning rod (4/4)


   Skills:
 - Level 5.1 Fighting
 - Level 4.0 Short Blades
 - Level 2.5 Armour
 + Level 4.2 Dodging
 + Level 4.4 Stealth
 + Level 9.0 Spellcasting
 - Level 9.1 Conjurations
 - Level 6.5 Necromancy
 + Level 2.9 Transmutations
 - Level 6.3 Fire Magic
 - Level 5.0 Earth Magic
 + Level 7.8 Invocations
 - Level 3.2 Evocations


You had 8 spell levels left.
You knew the following spells:

 Your Spells              Type           Power      Damage    Failure   Level
a - Foxfire               Conj/Fire      100%       2x1d9     1%          1
b - Scorch                Fire           100%       2d9       1%          2
c - Flame Wave            Conj/Fire      59%        2d14      1%          4
d - Dispel Undead         Necr           54%        3d20      1%          4
e - Stone Arrow           Conj/Erth      100%       3d13      1%          3
f - Irradiate             Conj/Tmut      26%        3d20      4%          5
g - Apportation           Tloc           28%        N/A       1%          1

Your spell library contained the following spells:

 Spells                   Type           Power      Damage    Failure   Level
 Kiss of Death            Conj/Necr      100%       2d13      1%          1
 Necrotise                Necr           100%       1d9       1%          1
 Summon Small Mammal      Summ           56%        N/A       1%          1
 Sublimation of Blood     Necr           54%        N/A       1%          2
 Inner Flame              Hex/Fire       34%        N/A       1%          3
 Volatile Blastmotes      Fire/Tloc      68%        2d15      1%          3
 Petrify                  Tmut/Erth      40%        N/A       3%          4
 Confusing Touch          Hex            14%        N/A       6%          3
 Animate Armour           Summ/Erth      60%        N/A       6%          4
 Cause Fear               Hex            7%         N/A       17%         4
 Metabolic Englaciation   Hex/Ice        7%         N/A       43%         5
 Lehudib's Crystal Spear  Conj/Erth      28%        10d7      99%         8


Dungeon Overview and Level Annotations

Branches:
Dungeon (11/15)            Temple (0/1) D:5
   Lair: D:8-11         Orc: D:9-12

Altars:
Cheibriados
Dithmenos
Hepliaklqana
Kikubaaqudgha
Nemelex Xobeh
Okawaru
Sif Muna
Trog
Uskayaw
Xom
Yredelemnul

Shops:
D:1 =


Message History

There is an open door here.
There is an open door here.
There is an open door here.
There is a stone staircase leading down here.
You climb downwards.
There is a stone staircase leading up here.
You open the door.
There is an open door here.
Found a scroll of enchant armour.
Casting: Flame Wave (dangerous; 1% risk of failure)
Confirm with . or Enter, or press ? or * to list all spells.
You conjure some foxfire!
The rime drake hisses angrily.
The rime drake breathes ice at you. The icy flash freeze hits you!!
You are encased in ice.
The foxfire hits the rime drake!
The rime drake is moderately wounded.
The foxfire hits the rime drake.
The rime drake is moderately wounded.
Casting: Foxfire (safe; 1% risk of failure)
Confirm with . or Enter, or press ? or * to list all spells.
Casting: Flame Wave (dangerous; 1% risk of failure)
Press: ? - help, Dir - look around, f - activate A wave of flame ripples out! (Press . to intensify the flame waves.)
The ice encasing you melts away.
You hear a bellow!
The rime drake breathes ice at you. The icy flash freeze hits you!
You are encased in ice.
A wave of flame ripples out!
You hear a bellow! x2
A wave of flame ripples out!
The flame wave engulfs the rime drake!
The rime drake is severely wounded.
You finish channelling waves of flame.
The ice encasing you melts away. The rime drake breathes ice at you.
The icy flash freeze hits you!!
You die...

##..... #..#...##
.........
........########
.#.............#
....#.##...............#
.#.#...#...........)...#
..=......$............#
. .$.~........k.@.<....#
.. .....?..~..<......[.#
.~. .k. .#.............#
....#.# ...............#
....Y<# ############.###
......# #.# ......# #.#
..##### #.# . #.#


You could see a rime drake (catching breath).

Vanquished Creatures
  Snorg (D:10)
  A boulder beetle (D:10)
  A two-headed ogre (D:11)
  Maurice (D:9)
  Jeremiah (D:8)
  An unseen horror (D:10)
  A gargoyle (D:10)
  A polar bear (D:11)
  A hornet (D:10)
  A vampire (D:9)
  A shadow (D:10)
  A wraith (D:11)
  2 wyverns
  16 yaks
  A steam dragon (D:8)
  Menkaure (D:4)
  2 acid dragons
  2 water moccasins
  4 orc warriors
  3 sky beasts
  9 ice beasts
  A wolf (D:10)
  2 centaurs
  2 ogres
  3 kobold brigands
  2 phantoms
  2 gnoll sergeants
  4 bullfrogs
  4 scorpions
  4 wights
  5 killer bees (D:7)
  A vampire bat (D:7)
  A howler monkey (D:8)
  3 jellies
  5 hounds
  A gnoll bouda (D:5)
  10 orc priests
  A sleepcap (D:6)
  Terence (D:2)
  An iguana (D:4)
  10 orc wizards
  11 gnolls
  9 adders
  3 shadow imps
  4 ufetubi
  2 worms
  A dart slug (D:4)
  44 orcs
  4 bat skeletons (D:7)
  2 bat zombies (D:7)
  7 endoplasms
  3 giant cockroaches
  4 goblins
  8 hobgoblins
  7 jackals
  10 ball pythons
  A ball python zombie (D:3)
  5 bats
  3 frilled lizards
  19 kobolds
  A quokka zombie (D:3)
  3 rats (D:1)
266 creatures vanquished.

Vanquished Creatures (others)
  An orc wizard (D:8)
  347 foxfires
348 creatures vanquished.

Grand Total: 614 creatures vanquished

Notes
Turn   | Place    | Note
-------+----------+-------------------------------------------
     0 | D:1      | Ijustatesigmund the Deep Elf Fire Elementalist began the
                  | quest for the Orb.
     0 | D:1      | Reached XP level 1. HP: 10/10 MP: 6/6
   615 | D:1      | Reached XP level 2. HP: 16/16 MP: 6/8
   618 | D:1      | Learned a level 2 spell: Scorch
   739 | D:1      | Found Ciklevam's Jewellery Boutique.
  1508 | D:2      | Reached XP level 3. HP: 20/20 MP: 3/10
  1573 | D:2      | Noticed Terence
  1579 | D:2      | HP: 1/20 [Terence/+0 trident (5)]
  1580 | D:2      | Killed Terence
  1581 | D:2      | Reached skill level 1 in Fighting
  1900 | D:2      | Reached XP level 4. HP: 13/25 MP: 7/11
  2210 | D:2      | Found a faded altar of an unknown god.
  2915 | D:3      | Reached XP level 5. HP: 29/29 MP: 8/13
  3370 | D:3      | Found a basalt altar of Yredelemnul.
  3719 | D:3      | Learned a level 4 spell: Flame Wave
  3788 | D:4      | Reached skill level 1 in Short Blades
  3847 | D:4      | Found a shimmering altar of Xom.
  3932 | D:4      | Found a bloodstained altar of Trog.
  4031 | D:4      | Reached XP level 6. HP: 11/34 MP: 6/15
  4031 | D:4      | Noticed Menkaure
  4157 | D:4      | Killed Menkaure
  4158 | D:4      | Reached skill level 5 in Spellcasting
  4158 | D:4      | Reached skill level 5 in Fire Magic
  4734 | D:4      | Noticed an orc warrior
  4742 | D:4      | Reached XP level 7. HP: 26/38 MP: 4/17
  4754 | D:5      | Entered Level 5 of the Dungeon
  6253 | D:5      | Found a staircase to the Ecumenical Temple.
  6263 | D:5      | Reached XP level 8. HP: 44/44 MP: 17/19
  6303 | D:5      | Reached skill level 5 in Conjurations
  6817 | D:5      | Found a shimmering blue altar of Sif Muna.
  6990 | D:5      | Learned a level 4 spell: Dispel Undead
  7286 | D:5      | Found a sparkling altar of Nemelex Xobeh.
  7913 | D:6      | Found an iron altar of Okawaru.
  7968 | D:6      | Reached skill level 5 in Necromancy
  8017 | D:6      | Found a hide-covered altar of Uskayaw.
  8139 | D:6      | Found a snail-covered altar of Cheibriados.
  8487 | D:6      | Found a hazy altar of Hepliaklqana.
  8533 | D:6      | Reached XP level 9. HP: 32/49 MP: 12/21
  8728 | D:6      | Became a worshipper of Cheibriados the Contemplative
  8817 | D:7      | Reached skill level 1 in Invocations
  9502 | D:7      | Reached * piety under Cheibriados
  9788 | D:7      | Learned a level 3 spell: Stone Arrow
  9944 | D:7      | Found an ancient bone altar of Kikubaaqudgha.
 10558 | D:8      | Reached skill level 1 in Earth Magic
 10644 | D:7      | HP: 2/52 [poisoned by a water moccasin]
 10647 | D:7      | Upgraded the game from 0.31-a0-692-gf03d1854d5 to
                  | 0.31-a0-702-gf82c85558f
 11242 | D:8      | Reached ** piety under Cheibriados
 11243 | D:8      | Reached XP level 10. HP: 28/58 MP: 11/22
 11490 | D:8      | Reached skill level 5 in Invocations
 11621 | D:8      | Noticed Jeremiah
 11786 | D:8      | Found a shadowy altar of Dithmenos.
 11837 | D:8      | Reached skill level 1 in Evocations
 12343 | D:8      | Killed Jeremiah
 13402 | D:9      | Reached skill level 5 in Earth Magic
 13438 | D:9      | Reached *** piety under Cheibriados
 13654 | D:9      | Noticed Maurice
 13664 | D:9      | Killed Maurice
 13665 | D:9      | Reached skill level 1 in Armour
 14060 | D:10     | Entered Level 10 of the Dungeon
 14608 | D:10     | Noticed a gargoyle
 14612 | D:10     | Killed a gargoyle
 14622 | D:10     | Reached XP level 11. HP: 55/62 MP: 4/24
 14839 | D:10     | Reached **** piety under Cheibriados
 15280 | D:10     | Got the Commentary on Malediction
 15286 | D:10     | Identified 2 scrolls of acquirement
 15289 | D:10     | Acquired a +5 rapier of venom
 15292 | D:10     | Acquired 619 gold pieces
 15507 | D:1      | Bought a ring of wizardry for 360 gold pieces
 15514 | D:1      | Learned a level 5 spell: Irradiate
 15730 | D:11     | Noticed a two-headed ogre
 15736 | D:11     | Killed a two-headed ogre
 15737 | D:11     | Reached skill level 1 in Transmutations
 15738 | D:11     | HP: 3/62 [rime drake/icy flash freeze (18)]
 16268 | D:11     | Noticed a boulder beetle
 16401 | D:10     | Learned a level 1 spell: Apportation
 16742 | D:10     | Reached skill level 5 in Fighting
 16796 | D:10     | Noticed Snorg
 16806 | D:10     | Killed Snorg
 17297 | D:10     | HP: 2/63 [boulder beetle (5)]
 17298 | D:10     | Killed a boulder beetle
 17915 | D:11     | Killed from afar by a rime drake

Illustrated notes

Levels and vault maps discovered:
D:1:      scummos_arrival_star, layout_basic, serial_shops,
          nicolae_shop_behind_doors
D:2:      layout_loops_ring, hellmonk_ecumenical_altar_heavens_door,
          uniq_terence
D:3:      layout_basic, lemuel_zombie_altar_yredelemnul
D:4:      layout_cave_pods, lemuel_doored_altar, trog_three_pillars_becter,
          serial_park_tiny_pond, minmay_divided_ellipse, uniq_menkaure
D:5:      layout_basic, nemelex_altar_shiori, nicolae_sif_muna_condensation,
          minmay_temple_entry_stoned_glass
D:6:      layout_gridville, mainiacjoe_overflow_surrounded_room,
          lemuel_tele_altar, kennysheep_okawaru_gauntlet,
          nicolae_overflow_crystal_walls
D:7:      layout_loops_ring, kennysheep_vampire_church
D:8:      layout_layer_cave, marbit_many_paths, uniq_jeremiah
D:9:      layout_basic, uniq_maurice
D:10:     layout_basic, uniq_snorg
D:11:     layout_roguey, hellmonk_lair_entry_icy, chei_slow_surprise

Skill      XL: |  1  2  3  4  5  6  7  8  9 10 11 |
---------------+----------------------------------+-----
Fighting       | 1 2 4 5 |  5.1
Conjurations   | 2 3 4 5 7 8 9 |  9.1
Spellcasting   | 4 5 6 7 9 |  9.0
Fire Magic     | 4 5 6 |  6.3
Short Blades   | 1 2 3 4 |  4.0
Stealth        | 3 4 |  4.4
Dodging        | 3 4 |  4.2
Necromancy     | 6 |  6.5
Invocations    | 4 6 7 |  7.8
Earth Magic    | 3 5 |  5.0
Evocations     | 3 |  3.2
Armour         | 2 |  2.5
Transmutations | 2 |  2.9

Action                     |  1- 3 |  4- 6 |  7- 9 | 10-12 || total
---------------------------+-------+-------+-------+-------++-------
  Melee: Long sword        |     6 |    11 |       |       ||    17
         Short sword       |       |    18 |    14 |       ||    32
         Punch             |       |     1 |       |       ||     1
         Rapier            |       |       |     7 |     9 ||    16
   Cast: Foxfire           |    43 |    46 |    97 |    37 ||   223
         Scorch            |    12 |    28 |    73 |    24 ||   137
         Flame Wave        |       |     4 |    19 |    24 ||    47
         Stone Arrow       |       |       |     7 |    26 ||    33
         Dispel Undead     |       |       |     4 |     2 ||     6
         Irradiate         |       |       |       |     2 ||     2
 Invoke: Slouch            |       |       |       |     1 ||     1
  Evoke: Wand              |       |       |     3 |    14 ||    17
         Lightning rod     |       |       |       |     1 ||     1
    Use: Scroll            |     4 |     5 |    10 |     7 ||    26
         Potion            |     2 |       |     4 |     1 ||     7
   Stab: Sleeping          |       |     1 |       |     1 ||     2
 Armour: Robe              |    22 |    42 |    99 |    26 ||   189
         Acid dragon scale |       |       |       |    49 ||    49
  Dodge: Dodged            |    22 |    41 |    91 |    76 ||   230

Table legend: (Time is in decaauts)
 A = Elapsed time spent in this place.
 B = Non-inter-level travel time spent in this place.
 C = Inter-level travel time spent in this place.
 D = Time resting spent in this place.
 E = Time spent auto-exploring this place.
 F = Levels seen in this place.
 G = Mean time per level.
                   A        B        C        D        E       F      G
               +--------+--------+--------+--------+--------+-----+--------+
         Total |  19822 |  18539 |   1283 |   6979 |   9568 |  11 | 1802.0 |
       Dungeon |  19822 |  18539 |   1283 |   6979 |   9568 |  11 | 1802.0 |
               +--------+--------+--------+--------+--------+-----+--------+

Top non-repeatable levels by time:
    D:10: 4011 daAuts
     D:7: 2872 daAuts
     D:5: 1994 daAuts
     D:8: 1916 daAuts
     D:4: 1802 daAuts
     D:9: 1693 daAuts
     D:1: 1531 daAuts
     D:3: 1472 daAuts
     D:6: 1435 daAuts
     D:2: 985 daAuts
    D:11: 107 daAuts
